 Dungeon Crawl Stone Soup version 0.14.1-1-g650416f (webtiles) character file.

92 4tharraofdagon the Firebug (level 2, -5/15 HPs)
             Began as a Deep Elf Fire Elementalist on May 4, 2014.
             Slain by a worker ant (6 damage)
             ... on Level 4 of the Dungeon on May 10, 2014.
             The game lasted 00:02:43 (293 turns).

4tharraofdagon the Firebug (DEFE)                    Turns: 293, Time: 00:02:43

HP  -5/15        AC  2     Str 13      XL: 2   Next: 89%
MP   7/8         EV 13     Int 19      God:
Gold 66          SH  0     Dex 15      Spells:  1 memorised,  6 levels left

rFire  + . .     SeeInvis +     m - +0 whip (elec)
rCold  . . .     Clarity  .     a - +0 robe
rNeg   . . .     Conserve .     (no shield)
rPois  +         rCorr    .     (no helmet)
rElec  .         rRot     .     (no cloak)
SustAb . .       Spirit   .     (no gloves)
rMut   .         Warding  .     (no boots)
Saprov . . .     Stasis   .     (no amulet)
MR     .....                    (no ring)
                                l - ring "Ghac Cho" {Hunger rPois rF+ Str+3 SInv, unknown}

@: mighty, not resistant to hostile enchantments, fairly stealthy
A: no striking features
a: no special abilities


You were on level 4 of the Dungeon.
You were not hungry.

You visited 1 branch of the dungeon, and saw 4 of its levels.

You collected 66 gold pieces.

Inventory:

Hand weapons
 g - a +0,+2 dagger
 m - a +0,+0 whip of electrocution (weapon)
Armour
 a - a +0 robe (worn)
Magical devices
 h - a wand of random effects (12)
Comestibles
 c - a bread ration
 d - a meat ration
 j - a choko
Scrolls
 i - a scroll of enchant armour {unknown}
Jewellery
 l - the ring "Ghac Cho" (left hand) {Hunger rPois rF+ Str+3 SInv, unknown}
   (You found it on level 4 of the Dungeon)

   [ring of hunger]

   It affects your strength (+3).
   It protects you from fire.
   It protects you from poison.
   It enhances your eyesight.
Potions
 f - a potion of magic {unknown}
Books
 b - a book of Flames

   Spells                             Type                      Level
   *Flame Tongue                      Conjuration/Fire             1
   Throw Flame                        Conjuration/Fire             2
   Conjure Flame                      Conjuration/Fire             3
   Inner Flame                        Hexes/Fire                   3
   Sticky Flame                       Conjuration/Fire             4
   Fireball                           Conjuration/Fire             5


   Skills:
 - Level 2.4 Dodging
 - Level 2.4 Stealth
 + Level 3.4 Spellcasting
 * Level 2.3 Conjurations
 * Level 3.7 Fire Magic


You had 6 spell levels left.
You knew the following spells:

 Your Spells              Type           Power        Failure   Level  Hunger
a - Flame Tongue          Conj/Fire      ##...        6%          1    None


Dungeon Overview and Level Annotations

Branches:
Dungeon (4/15)
 Temple: D:4-7

Altars:


Message History

As you read the scroll labeled XIYVAL RUJ, it crumbles to dust.
You feel aware of your surroundings.
You sensed 1 shop/portal.
It was a scroll of magic mapping.
The giant gecko bites you. The giant gecko closely misses you.
Found a stone staircase leading down.
Drink which item? (? for menu, Esc to quit)
You feel very mighty all of a sudden.
It was a potion of might.
The giant gecko misses you.
Unknown command.
Casting: Flame Tongue
Confirm with . or Enter, or press ? or * to list all spells.
Aiming: Flame Tongue
Press: ? - help, Shift-Dir - straight line, f - worker ant
Aim: a worker ant The flame tongue hits the worker ant.
The worker ant is moderately wounded.
The giant gecko bites you.
* * * LOW HITPOINT WARNING * * *
The worker ant bites you.
You die...

,,..#####....................,,,,
,,...................."......,,,,
,,...(.......................,,,,
*#.........................,,,,,
#............#####..####..,****
#............# #..# *,.,*
###............# #..# *,,,*
.(.(..(........#####..###*,,,****
...............l@........,,,,, ,,
...............a.........,,,, ,,,
###.........##...#######*,,,****,
#.........##...# *,,,* *,
#...).....##...#*** ***,,,* *,
###.........##....,,,,,,,,,,****,
................>..,,,,, ,,,,,,,,
...................,,,,, , ,,,,,,
............(.....,, ,,,, ,,,,,,


You could see a worker ant and a giant gecko.

Vanquished Creatures
  An adder (D:4)
  A ball python (D:4)
  5 bats
  3 jackals (D:2)
  A giant cockroach (D:2)
  A giant newt (D:1)
  A goblin (D:4)
  2 kobolds
  A rat (D:2)
16 creatures vanquished.

Notes
Turn   | Place    | Note
--------------------------------------------------------------
     0 | D:1      | 4tharraofdagon, the Deep Elf Fire Elementalist, began the quest for the Orb.
     0 | D:1      | Reached XP level 1. HP: 10/10 MP: 5/5
   120 | D:2      | Reached XP level 2. HP: 15/15 MP: 3/8
   220 | D:4      | Got a brightly glowing turquoise ring
   293 | D:4      | Slain by a worker ant

Action                   || total
-------------------------++-------
Melee: Unarmed           ||     2
       Whip              ||     9
       Dagger            ||     5
 Cast: Flame Tongue      ||    15
Evoke: Wand              ||     4
  Use: Scroll            ||     1
       Potion            ||     1
